 Dungeon Crawl Stone Soup version 0.20.1-1-g8b1a95d (webtiles) character file.

1246 Jannitor the Ogre Mage (level 8, -3/84 HPs)
             Began as an Ogre Wizard on Sept 3, 2017.
             Was a Believer of Vehumet.
             Slain by a killer bee (5 damage)
             ... on level 6 of the Dungeon.
             The game lasted 00:25:41 (10923 turns).

Jannitor the Ogre Mage (Ogre Wizard)               Turns: 10923, Time: 00:25:42

Health: -3/84      AC:  4    Str: 12    XL:     8   Next: 50%
Magic:  4/27       EV:  9    Int: 19    God:    Vehumet [**....]
Gold:   413        SH:  0    Dex:  9    Spells: 13/20 levels left

rFire    . . .     SeeInvis .   f - +1 dagger (pain)
rCold    . . .     Gourm    .   (no shield)
rNeg     . . .     Faith    .   q - +0 robe
rPois    .         Spirit   .   b - +1 hat
rElec    .         Reflect  .   (no cloak)
rCorr    .         Harm     .   (gloves unavailable)
MR       +....     Rnd*Rage +   (boots unavailable) Stlth +.........Rnd*Tele +
                                (no amulet)
Regen    0.3/turn               s - ring of magical power
MPRegen  0.2/turn               o - ring of wizardry

@: lethally poisoned (-3 -> -43), drained
A: unfitting armour, agile 1, berserk 1, dopey 1, magic resistance 1,
teleportitis 1, tough skin 1
a: Renounce Religion


You were on level 6 of the Dungeon.
You worshipped Vehumet.
Vehumet was pleased with you.
You were not hungry.

You visited 2 branches of the dungeon, and saw 8 of its levels.

You collected 413 gold pieces.

Inventory:

Hand Weapons
 f - a +1 dagger of pain (weapon)
 k - a +0 dagger
Armour
 a - a +0 robe
 b - a +1 hat (worn)
 m - a +0 large shield
 q - a +0 robe (worn)
Jewellery
 l - an uncursed ring of see invisible
 o - a ring of wizardry (right hand)
 s - a ring of magical power (left hand)
Wands
 e - a wand of lightning (6/15)
 w - a wand of paralysis (24/24)
Scrolls
 g - 5 scrolls of identify
 j - a scroll of fear {unknown}
 p - a scroll of fog {unknown}
 r - 4 scrolls of remove curse
 t - a scroll of recharging
 v - 3 scrolls of teleportation
 x - a scroll of blinking {unknown}
Books
 c - a book of Minor Magic

   Spells                             Type                      Level
   a - Magic Dart                     Conjuration                  1
   b - Blink                          Translocation                2
   c - Call Imp                       Summoning                    2
   d - Slow                           Hexes                        2
   e - Conjure Flame                  Conjuration/Fire             3
   f - Mephitic Cloud                 Conjuration/Poison/Air       3
Comestibles
 d - 3 bread rations
 h - 14 fruits
 i - 2 meat rations
 u - a royal jelly


   Skills:
 + Level 6.5(5.5) Fighting
 - Level 1.7(0.9) Dodging
 - Level 1.4(0.5) Stealth
 + Level 6.7(5.7) Spellcasting
 + Level 4.3(3.4) Conjurations
 + Level 4.2(3.3) Summonings
 - Level 0.8(0.0) Translocations


You had 13 spell levels left.
You knew the following spells:

 Your Spells              Type           Power        Failure   Level  Hunger
a - Throw Flame           Conj/Fire      ##....       3%          2    None
b - Blink                 Tloc           N/A          7%          2    None
c - Call Imp              Summ           ###.....     1%          2    None
d - Magic Dart            Conj           ###.         1%          1    None


Dungeon Overview and Level Annotations

Branches:
Dungeon (7/15)             Temple (1/1) D:4

Altars:
Ashenzari
Cheibriados
Dithmenos
Elyvilon
Fedhas
Gozag
Hepliaklqana
Kikubaaqudgha
Makhleb
Nemelex Xobeh
Okawaru
Qazlal
Ru
Sif Muna
Trog
Uskayaw
Vehumet
Xom
Yredelemnul
Zin
The Shining One

Annotations:
D:6 kohrah's ghost, novice HOHu


Innate Abilities, Weirdness & Mutations

You are too large for most types of armour.
You have tough skin. (AC +1)
You are agile. (Dex +2)
You tend to lose your temper in combat.
You are dopey. (Int -2)
You are resistant to hostile enchantments. (MR+)
You are occasionally teleported next to monsters.


Message History

Press: ? - help, Shift-Dir - straight line, f/p - killer bee
Aim: a killer bee The puff of flame hits the killer bee.
The killer bee is lightly wounded.
* * * LOW HITPOINT WARNING * * *
You feel very sick. The killer bee stings you.
* * * LOW HITPOINT WARNING * * *
You are more poisoned.
The killer bee poisons you! The killer bee closely misses you.
Casting: Throw Flame
Confirm with . or Enter, or press ? or * to list all spells.
Aiming: Throw Flame
Press: ? - help, Shift-Dir - straight line, f/p - killer bee
Aim: a killer bee (lightly wounded)
The puff of flame misses the killer bee.
* * * LOW HITPOINT WARNING * * *
You feel very sick. The killer bee stings you.
You die...

######### #.......#
#.#####.# #(#.....#
#.#..)(.# #.#....)#
####.#.....##############
#..#....@y.....)[........
#.....<...###############
#.######.#...#
#........#...#
#######..#...####
#.........#########
#.........'.....h..
###.........#########
#...........#


You could see a killer bee.

Vanquished Creatures
  An ice beast (D:5)
  A sky beast (D:6)
  A centaur (D:7)
  A scorpion (D:7)
  A wight (D:7)
  A hound (D:6)
  2 orc priests
  A bullfrog skeleton (D:4)
  2 orc wizards (D:5)
  A worker ant (D:5)
  6 gnolls
  5 adders
  A shadow imp (D:6)
  An ooze (D:4)
  An adder skeleton (D:5)
  6 worms
  2 dart slugs (D:1)
  2 leopard geckos
  11 orcs
  3 ball pythons
  8 giant cockroaches
  6 goblins
  5 hobgoblins
  4 jackals
  2 kobolds (D:2)
  3 quokkas
  4 bats
  6 frilled lizards
  A leopard gecko skeleton (D:6)
  A quokka zombie (D:6)
  10 rats
100 creatures vanquished.

Vanquished Creatures (collateral kills)
  Eustachio (D:6)
  A hungry ghost (D:7)
  2 sky beasts (D:5)
  A centaur (D:5)
  The ghost of umrok the Gusty, an amateur HOAE (D:4)
  A centaur skeleton (D:6)
  2 orc wizards
  2 worker ants
  A gnoll (D:7)
  4 worms
  A dart slug (D:2)
  4 orcs
  A goblin (D:2)
  3 jackals
  A ball python (D:2)
26 creatures vanquished.

Vanquished Creatures (others)
  A quokka (D:3)
  A rat (D:3)
2 creatures vanquished.

Grand Total: 128 creatures vanquished

Notes
Turn   | Place    | Note
-------+----------+-------------------------------------------
     0 | D:1      | Jannitor the Ogre Wizard began the quest for the Orb.
     0 | D:1      | Reached XP level 1. HP: 16/16 MP: 5/5
   103 | D:1      | Reached skill level 1 in Conjurations
   593 | D:1      | Reached skill level 1 in Fighting
   593 | D:1      | Reached XP level 2. HP: 27/27 MP: 2/6
   996 | D:2      | Found a blossoming altar of Fedhas.
  1000 | D:2      | Found a radiant altar of Vehumet.
  1001 | D:2      | Found a hazy altar of Hepliaklqana.
  1017 | D:2      | Became a worshipper of Vehumet
  1059 | D:2      | Learned a level 2 spell: Blink
  1062 | D:2      | Learned a level 2 spell: Call Imp
  1736 | D:2      | Reached XP level 3. HP: 17/35 MP: 0/8
  1808 | D:2      | Reached skill level 1 in Summonings
  3421 | D:3      | Reached XP level 4. HP: 42/42 MP: 2/10
  3447 | D:3      | Reached * piety under Vehumet
  3447 | D:3      | Offered knowledge of Sandblast by Vehumet.
  4168 | D:3      | Reached XP level 5. HP: 24/53 MP: 3/12
  5486 | D:4      | Found a staircase to the Ecumenical Temple.
  5491 | Temple   | Entered the Ecumenical Temple
  5948 | D:4      | Reached XP level 6. HP: 62/62 MP: 4/13
  5958 | D:4      | Noticed umrok's ghost (amateur HOAE)
  5965 | D:4      | Reached skill level 5 in Spellcasting
  6011 | D:4      | Killed umrok's ghost
  6780 | D:5      | Entered Level 5 of the Dungeon
  7325 | D:5      | Noticed a sky beast
  7337 | D:5      | HP: 3/62 [centaur/arrow (2)]
  7337 | D:5      | Killed a sky beast
  7351 | D:5      | HP: 1/63 [centaur/arrow (5)]
  7681 | D:5      | Reached XP level 7. HP: 27/71 MP: 15/15
  7767 | D:5      | Offered knowledge of Throw Flame by Vehumet.
  7895 | D:5      | Learned a level 2 spell: Throw Flame
  8057 | D:5      | Reached skill level 5 in Fighting
  8374 | D:5      | Gained mutation: You are frail. (-10% HP) [mutagenic meat]
  8375 | D:5      | Gained mutation: You are dopey. (Int -2) [mutagenic meat]
  8376 | D:5      | Gained mutation: You are resistant to hostile enchantments. (MR+) [mutagenic meat]
  8377 | D:5      | Gained mutation: You are agile. (Dex +2) [mutagenic meat]
  8639 | D:6      | Noticed Eustachio
  8763 | D:6      | Killed Eustachio
  8763 | D:6      | Reached XP level 8. HP: 64/74 MP: 1/17
  9157 | D:6      | Gained mutation: You are occasionally teleported next to monsters. [mutagenic meat]
  9158 | D:6      | Gained mutation: You are very dopey. (Int -4) [mutagenic meat]
  9159 | D:6      | Gained mutation: You tend to lose your temper in combat. [mutagenic meat]
  9160 | D:6      | Lost mutation: You are very dopey. (Int -4) [mutagenic meat]
  9162 | D:6      | Lost mutation: You are frail. (-10% HP) [mutagenic meat]
  9640 | D:6      | Noticed kohrah's ghost (novice HOHu)
 10508 | D:7      | Reached ** piety under Vehumet
 10923 | D:6      | HP: 2/84 [poisoned by a killer bee]
 10923 | D:6      | Slain by a killer bee

Skill      XL: |  1  2  3  4  5  6  7  8 |
---------------+-------------------------+-----
Conjurations   | 1 2 3 4 |  4.3
Fighting       | 1 2 3 4 5 6 |  6.5
Spellcasting   | 4 5 6 |  6.7
Summonings     | 1 2 3 4 |  4.2
Dodging        | |  1.7
Stealth        | |  1.4
Translocations | |  0.8

Action                   |  1- 3 |  4- 6 |  7- 9 || total
-------------------------+-------+-------+-------++-------
Melee: Dagger            |    82 |    67 |    59 ||   208
       Unarmed           |     4 |       |       ||     4
 Cast: Magic Dart        |    89 |   139 |    17 ||   245
       Call Imp          |     9 |    22 |    40 ||    71
       Throw Flame       |       |       |   121 ||   121
  Use: Scroll            |       |     7 |     1 ||     8
       Potion            |       |     4 |     4 ||     8
  Eat: Chunk             |     8 |     7 |    15 ||    30
       Bread ration      |       |     1 |     2 ||     3
Armor: Robe              |    27 |    21 |    34 ||    82
Dodge: Dodged            |    41 |    61 |    62 ||   164
